 Dungeon Crawl Stone Soup version 0.30.0-29-ga12c61a403 (webtiles) character file.

Game seed: 10901709086349714564

14 seaoflcl the Shield-Bearer (level 2, 0/27 HPs)
             Began as a Minotaur Fighter on June 6, 2023.
             Slain by a gnoll
             ... wielding a +0 flail
              (5 damage)
             ... on level 2 of the Dungeon.
             The game lasted 00:01:13 (762 turns).

seaoflcl the Shield-Bearer (Minotaur Fighter)        Turns: 762, Time: 00:01:14

Health: 0/27       AC: 10    Str: 20    XL:     2   Next: 31%
Magic:  1/1        EV:  4    Int:  5    God:
Gold:   15         SH:  0    Dex:  9    Spells: 1/1 levels left

rFire   . . .        a - +0 war axe
rCold   . . .        c - +0 buckler
rNeg    . . .        l - +0 chain mail
rPois   .            (helmet restricted)
rElec   .            (no cloak)
rCorr   .            k - +0 pair of gloves
SInv    .            (no boots)
Will    .....        i - amulet of regeneration Stlth
                     (no ring)
HPRegen 1.04/turn    (no ring)
MPRegen 0.07/turn

%: no passive effects
@: mighty, held
A: horns 2, retaliatory headbutt
a: no special abilities


You were on level 2 of the Dungeon.
You visited 1 branch of the dungeon, and saw 2 of its levels.

You collected 15 gold pieces.

Inventory:

Hand Weapons
 a - a +0 war axe (weapon)
Missiles
 h - 3 atropa-tipped darts (quivered)
Armour
 c - a +0 buckler (worn)
 k - a +0 pair of gloves (worn)
 l - a +0 chain mail (worn)
Jewellery
 i - an amulet of regeneration (around neck)
Scrolls
 e - a scroll of silence {unknown}
 g - 4 scrolls of identify {unknown}
 j - 2 scrolls of magic mapping {unknown}
Potions
 f - 2 potions of curing {unknown}


   Skills:
 + Level 3.8 Fighting
 * Level 3.0 Axes
 + Level 3.8 Armour
 + Level 3.8 Shields


You had one spell level left.
You didn't know any spells.
Your spell library contained the following spells:

 Spells                   Type           Power      Damage    Failure   Level
 Static Discharge         Conj/Air       0%         2-2/arc   100%        2
 Vhi's Electric Charge    Tloc/Air       0%         N/A       100%        3
 Airstrike                Air            0%         2d(0-16)  100%        4
 Summon Lightning Spire   Summ/Air       0%         N/A       100%        4
 Arcjolt                  Conj/Air       0%         1d10      100%        5
 Plasma Beam              Fire/Air       0%         2x1d11    100%        6


Dungeon Overview and Level Annotations

Branches:
Dungeon (2/15)

Altars:

Shops:
D:1 (

Annotations:
D:2 Natasha


Innate Abilities, Weirdness & Mutations

You have a pair of horns on your head.
You reflexively headbutt those who attack you in melee.


Message History

You climb downwards.
Found Yfaor's Almanac of Underground Accomplices.
Found a stone staircase leading down.
There is a stone staircase leading up here.
A gnoll comes into view. It is wielding a +0 flail.
A gnoll is nearby!
Natasha and a gnoll come into view.
Found 8 gold pieces.
Natasha hisses angrily.
The gnoll shouts!
An endoplasm comes into view.
A gnoll comes into view. It is wielding a +0 whip.
The gnoll shouts!
The gnoll hits you with a +0 flail.
You slash the gnoll!
The gnoll is almost dead.
The gnoll throws a throwing net.
The throwing net hits you.
You become entangled in the net!
The gnoll hits you but does no damage.
You are held in a net!
You are held in a net!
You are held in a net!
You are held in a net!
You are held in a net!
You are held in a net!
You are held in a net!
You are held in a net!
You are held in a net!
You are held in a net!
You struggle against the net.
Natasha claws you but does no damage.
An adder comes into view.
A gnoll comes into view. It is wielding a +0 whip.
The gnoll hits you with a +0 flail.
You struggle against the net.
The adder hisses angrily.
The gnoll shouts!
Natasha claws you but does no damage. The gnoll hits you with a +0 flail!
Sorry, you're not good enough to have a special ability.
You feel very mighty all of a sudden. Natasha claws you!
* * * LOW HITPOINT WARNING * * *
The gnoll hits you with a +0 flail.
You die...

#.# ##.# #..# #..#
####..# #..#..# #.
#..#..########.
##...#..#:..<.......
#.g..>.@...#########
....gggh####
..S.)..J. ........##
####.#### #$ #


You could see Natasha, 4 gnolls, an adder and an endoplasm.

Vanquished Creatures
  2 endoplasms (D:1)
  2 goblins (D:1)
  A hobgoblin (D:1)
  4 kobolds (D:1)
  A ball python (D:1)
  3 frilled lizards (D:1)
  A rat (D:1)
14 creatures vanquished.

Notes
Turn   | Place    | Note
-------+----------+-------------------------------------------
     0 | D:1      | seaoflcl the Minotaur Fighter began the quest for the Orb.
     0 | D:1      | Reached XP level 1. HP: 19/19 MP: 0/0
   259 | D:1      | Reached XP level 2. HP: 23/27 MP: 1/1
   362 | D:1      | Found Vadograsm's Antique Weapon Emporium.
   757 | D:2      | Noticed Natasha
   762 | D:2      | Slain by a gnoll

Illustrated notes

Levels and vault maps discovered:
D:1:      dpeg_arrival_castle, layout_basic, serial_shops, shop
D:2:      layout_loops_ring, hellmonk_ecumenical_altar_crossroads, uniq_natasha

Skill      XL: |  1  2 |
---------------+-------+-----
Axes           | 3 |  3.0
Fighting       | |  3.8
Armour         | |  3.8
Shields        | |  3.8

Action                     || total
---------------------------++-------
  Melee: War axe           ||    25
         Headbutt          ||     1
    Use: Potion            ||     1
 Armour: Scale mail        ||    13
         Chain mail        ||     3
  Dodge: Dodged            ||    12
  Block: Buckler           ||     3
